[Event "*** Titled Tuesday Blitz"]
[Site "Chess.com"]
[Date "2020.05.26"]
[Round "9"]
[White "PauloFanha"]
[Black "agrigo3"]
[Result "0-1"]
[WhiteElo "1969"]
[BlackElo "2255"]
[TimeControl "180+1"]
[EndTime "11:52:59 PDT"]
[Termination "agrigo3 won on time"]

1. e4 g6 2. d4 Bg7 3. Nc3 d6 4. Nf3 a6 5. Bf4 b5 6. a3 Bb7 7. Bd3 Nd7 8. O-O c5 9. Re1 cxd4 10. Ne2 e5 11. Bg5 f6 12. Bd2 Ne7 13. c4 dxc3 14. Bxc3 O-O 15. Qd2 Nc5 16. Nc1 d5 17. Bb4 Rc8 18.
exd5 Bxd5 19. Bxc5 Rxc5 20. Qb4 Qb6 21. Nb3 Rc7 22.
Nfd2 f5 23. Rac1 e4 24. Rxc7 Qxc7 25. Rc1 Qe5 26. Bf1 Bf7 27. Nc5 Nd5 28. Qa5 Qc7 29. Qxc7 Nxc7 30. Nd7 Rc8 31. Nb6 Rb8 32. Rxc7 Rxb6 33. Rc8+ Bf8 34. g3 Kg7 35. Be2 Rd6 36. Nf1 Rd7 37. Ne3 Rd6 38. Rc7 Kf6 39. Bd1 Be7 40. Bc2 Bd8 41. Ra7 Be7 42. Ng2 g5 43.
Ne3 Be6 44. h4 h6 45. hxg5+ hxg5 46. g4 Rc6 47. gxf5 Bxf5 48. Nxf5 Kxf5 49. Bb3 Bd6 50.
Rf7+ Kg6 51. Rd7 Rc1+ 52. Kg2 Be5 53. Bd5 Bxb2 54. Bxe4+ Kf6 55. Bb7 Bxa3 0-1

[Event "*** Titled Tuesday Blitz"]
[Site "Chess.com"]
[Date "2020.05.26"]
[Round "9"]
[White "annamaja"]
[Black "Dmitry_M1"]
[Result "1/2-1/2"]
[WhiteElo "2250"]
[BlackElo "2386"]
[TimeControl "180+1"]
[EndTime "11:53:02 PDT"]
[Termination "Game drawn by repetition"]

1. e4 c6 2. d4 d5 3. e5 Bf5 4. Nf3 e6 5. Be2 Nd7 6. O-O Ne7 7. c4 dxc4 8. Bxc4 Nb6 9. Bd3 Bg6 10. Bg5 Qd7 11.
Nc3 Nf5 12. Bxf5 Bxf5 13. Nh4 Bg6 14. Nxg6 hxg6 15. Ne4 Nc8 16. Qb3 Be7 17. Bxe7 Qxe7 18. Nc5 Nb6 19. a4 Qh4 20. h3 Qxd4 21. Nxb7 Qxe5 22.
Qb4 c5 23. Qb5+ Ke7 24. Nxc5 Rhd8 25. a5 Nd5 26. Qb7+ Qc7 27. Rac1 Qxb7 28. Nxb7 Rdc8 29. a6 Kd7 30. Rfd1 Rxc1 31. Rxc1 Rc8 32. Rxc8 Kxc8 33.
Nd6+ Kc7 34. Nxf7 Kb6 35. Ne5 Kxa6 36. Nxg6 Kb5 37. Nf8 Nc7 38. g4 Kb4 39. h4 Kb3 40. g5 Kxb2 41. h5 Ne8 42. h6 gxh6 43. gxh6 Nf6 44. Nxe6 a5 45. Nc5 Kc3 46. f4 Kb4 47. Nd3+ Kc3 48. Nc1 a4 49. f5 Kc2 50. Na2 Kb2 51. Nb4 Kb3 52. Nd3 Kc3 53. Nc1 Kc2 54.
Na2 Kb3 55. Nc1+ Kb2 56. Nd3+ Kc3 57. Nc1 1/2-1/2

[Event "*** Titled Tuesday Blitz"]
[Site "Chess.com"]
[Date "2020.05.26"]
[Round "9"]
[White "AnthonyWirig"]
[Black "MightyGMpretender"]
[Result "1-0"]
[WhiteElo "2689"]
[BlackElo "2546"]
[TimeControl "180+1"]
[EndTime "11:53:04 PDT"]
[Termination "AnthonyWirig won by checkmate"]

1. d4 Nf6 2. Bg5 d5 3. Bxf6 exf6 4. e3 c6 5. c4 Be6 6. cxd5 Bxd5 7. Nc3 Be6 8. Nge2 Nd7 9. Nf4 Bf5 10. g4 Bg6 11. h4 h6 12. Nxg6 fxg6 13. Bd3 Bb4 14. Bxg6+ Ke7 15. Qb3 Qa5 16. Bf5 Nb6 17. Kf1 Bxc3 18. bxc3 Qd5 19. Qxd5 cxd5 20. Ke2 Nc4 21. Rhb1 Nd6 22. h5 Rhb8 23. Kd3 b5 24. a4 a6 25. f3 Nc4 26. axb5 axb5 27. Rxa8 Rxa8 28. Rxb5 Ra2 29. Rxd5 Nb2+ 30. Ke4 Nd1 31. Rd7+ Kf8 32. Kf4 Nxc3 33. Bg6 Rd2 34. Rf7+ Kg8 35. Ra7 Kf8 36. Kf5 Rb2 37. e4 Rb5+ 38. e5 fxe5 39. dxe5 Nd5 40. Rf7+ Kg8 41.
Rd7 Kf8 42. Ke6 Nf4+ 43. Kf5 Nd5 44. f4 Ne7+ 45. Ke6 Rb6+ 46. Rd6 Rb8 47. f5 Ra8 48. f6 gxf6 49. exf6 Ng8 50. Bf7 Rb8 51. Bxg8 Kxg8 52. Kf5 Kf7 53. Rd7+ Kf8 54. Rg7 Rb5+ 55. Kg6 Rb6 56.
Rh7 Rb5 57. Rh8# 1-0

[Event "*** Titled Tuesday Blitz"]
[Site "Chess.com"]
[Date "2020.05.26"]
[Round "9"]
[White "ChessyInstinct"]
[Black "iLuusions"]
[Result "1-0"]
[WhiteElo "2422"]
[BlackElo "2551"]
[TimeControl "180+1"]
[EndTime "11:53:07 PDT"]
[Termination "ChessyInstinct won by resignation"]

1. d4 Nf6 2. c4 e6 3. g3 d5 4. Nf3 dxc4 5. Bg2 Nc6 6. Qa4 Bb4+ 7.
Bd2 Nd5 8. a3 Bxd2+ 9. Nbxd2 Nb6 10. Qb5 Qd5 11. Qc5 Qxc5 12. dxc5 Na4 13. Nxc4 Nxc5 14.
b4 Nb3 15. Rd1 a5 16. b5 Ne7 17. O-O f6 18. Rb1 a4 19. Nfd2 Nc5 20. Rfc1 Nd7 21. Ne3 Kd8 22. Ndc4 Rb8 23. Rd1 Ke8 24. b6 Nxb6 25.
Nxb6 cxb6 26. Rxb6 Kf7 27. Rdb1 Rd8 28. Bxb7 Bxb7 29.
Rxb7 Rxb7 30. Rxb7 Rd2 31. Kf1 e5 32. Ra7 Ra2 33.
Nf5 Ra1+ 34. Kg2 Rxa3 35. Nxe7 Ke6 36. Nc6 g6 37. Na5 Ra2 38. Nc4 Kd5 39. Nb6+ Ke6 40.
Rxa4 Rb2 41. Nc4 Kf5 42. Ne3+ Kg5 43. Kf1 f5 44. h4+ Kh6 45. Rc4 Rb1+ 46. Kg2 Rb7 47. Rc5 Re7 48. Nc4 e4 49. e3 Rd7 50. Rc6 Rd1 51. Ne5 Kh5 52. Rc7 h6 53. Rc6 g5 54.
Nf7 f4 55. Rxh6+ Kg4 56. Ne5+ Kf5 57. exf4 gxf4 58. Rh5+ Kf6 59. gxf4 Rd8 60. Rh6+ Kf5 61. Rh5+ Kxf4 62. Rg5 e3 63. Ng6+ Ke4 64. Re5+ Kd4 65. Rxe3 Rg8 66. Rg3 Ke4 67. f3+ Kf5 68. h5 Kf6 69.
Nf4 Rh8 70. Nd5+ Kf5 71. Rh3 1-0

[Event "*** Titled Tuesday Blitz"]
[Site "Chess.com"]
[Date "2020.05.26"]
[Round "9"]
[White "Volodar_Murzin"]
[Black "Fandorine"]
[Result "0-1"]
[WhiteElo "2713"]
[BlackElo "2897"]
[TimeControl "180+1"]
[EndTime "11:53:09 PDT"]
[Termination "Fandorine won by resignation"]

1. d4 Nf6 2. Nf3 g6 3. Bg5 Bg7 4. Nbd2 d6 5. c3 O-O 6. e4 Nc6 7. Bc4 h6 8. Bh4 Nxe4 9. Nxe4 d5 10. Bd3 dxe4 11. Bxe4 f5 12. Bxc6 bxc6 13. Qb3+ Qd5 14. c4 Qe4+ 15. Kd2 g5 16. Bg3 f4 17. Rhe1 Qf5 18.
Bh4 e6 19. Re2 gxh4 20. Rae1 a5 21. Qa4 c5 22. Qc6 Ra6 23. Qxc7 cxd4 24. b3 a4 25. b4 d3 26. Re5 Bxe5 27. Nxe5 f3 28. gxf3 Qg5+ 29.
Re3 Qd8 30. Qc5 Qd6 31. Qxd6 Rxd6 32. Nxd3 Bb7 33. Kc2 Rxf3 34. Rxf3 Bxf3 35. Ne5 Be4+ 36. Kc3 Kg7 37. b5 Kf6 38. f4 Kf5 39. c5 Rd5 40. Kc4 Kxf4 41. Nf7 Rd1 42. Nd6 Rc1+ 43. Kb4 Bd5 44.
Kxa4 Rxc5 45. Kb4 Rc1 46. a4 Ke5 47. a5 Kxd6 48. a6 Kc7 49. b6+ Kxb6 50. a7 Kxa7 51. Ka3 Kb7 52. Kb2 Rc4 53. Kb3 h3 54. Kb2 Rg4 55.
Ka3 Kc6 56. Kb2 Kd6 57. Ka3 Ke5 58. Kb2 Rg2+ 59. Kc3 Rxh2 60. Kb4 Rb2+ 61. Kc5 Rc2+ 62. Kb6 Kd6 63. Ka7 h2 64. Kb8 h1=Q 0-1

[Event "*** Titled Tuesday Blitz"]
[Site "Chess.com"]
[Date "2020.05.26"]
[Round "9"]
[White "Olkaa"]
[Black "AlexTriapishko"]
[Result "1-0"]
[WhiteElo "2642"]
[BlackElo "2718"]
[TimeControl "180+1"]
[EndTime "11:53:10 PDT"]
[Termination "Olkaa won on time"]

1. e4 c5 2. Nf3 e6 3. d4 cxd4 4. Nxd4 Nf6 5. Nc3 Nc6 6. Be2 Qc7 7. O-O a6 8. Be3 b5 9. Nxc6 dxc6 10. f4 Bb7 11. e5 Rd8 12. Qe1 Nd7 13. Ne4 c5 14.
Bf3 Bxe4 15. Bxe4 c4 16. b4 Nb6 17. c3 g6 18. Rd1 Be7 19. Qf2 Na4 20. Bd4 O-O 21. Rd2 a5 22. a3 axb4 23. axb4 Rd7 24. g4 Rfd8 25. f5 Bg5 26. Re2 Rxd4 27. cxd4 Nc3 28. Ree1 Qa7 29. fxe6 fxe6 30. h4 Qxd4 31. Qxd4 Rxd4 32. hxg5 Nxe4 33. Rf4 c3 34. Rfxe4 Rd2 35. R4e2 Rd4 36. Rc1 Rxg4+ 37. Rg2 Rc4 38. Rg3 Rxb4 39. Rcxc3 Re4 40. Rce3 Rf4 41. Rgf3 Rg4+ 42. Rg3 Rf4 43. Kg2 b4 44. Rb3 Re4 45. Rge3 Rg4+ 46. Rg3 Re4 47. Kf3 Rxe5 48. Rxb4 Kf7 49. Rb7+ Ke8 50. Kg4 Re4+ 51. Kh3 e5 52. Ra3 1-0

[Event "*** Titled Tuesday Blitz"]
[Site "Chess.com"]
[Date "2020.05.26"]
[Round "9"]
[White "Chigorinetz"]
[Black "GMStefanova"]
[Result "1-0"]
[WhiteElo "2525"]
[BlackElo "2626"]
[TimeControl "180+1"]
[EndTime "11:53:10 PDT"]
[Termination "Chigorinetz won by resignation"]

1. e4 c6 2. d4 d5 3. f3 dxe4 4. fxe4 e5 5. Nf3 exd4 6. Bc4 Be6 7. Bxe6 fxe6 8. Qxd4 Qxd4 9. Nxd4 e5 10. Ne6 Na6 11.
Bg5 Nf6 12. Nd2 Kf7 13. Nxf8 Rhxf8 14. Ke2 Ke6 15. Rhf1 Nc5 16. Bxf6 Rxf6 17. Rxf6+ Kxf6 18. Ke3 Ke6 19. Rf1 Rd8 20. Rf3 h6 21. h4 g6 22. b3 Ke7 23. h5 Rg8 24. Rg3 g5 25. Rf3 Nd7 26. Nf1 Nf6 27. Ng3 Ke6 28. Ke2 Rd8 29.
Rd3 Rxd3 30. Kxd3 b5 31. b4 a6 32. c4 Kd7 33. Kc3 Kc7 34. Kb3 Kb6 35. c5+ Kc7 36.
Kc3 Kd7 37. Kd3 Ke6 38. Ke3 Kd7 39. Kf2 Ke6 40. Kf3 Kd7 41. Nf5 Nxh5 42. Nxh6 Ke6 43. g3 Nf6 44. Ng4 Nd7 45. Ne3 a5 46. bxa5 Nxc5 47.
Kg4 Kf6 48. Kh5 Na6 49. Ng4+ Ke6 50. Kxg5 c5 51. Ne3 c4 52. Kh6 c3 53. g4 Nc5 54.
g5 Kf7 55. Kh7 Nxe4 56. g6+ Kf6 57. a6 Ke6 58. g7 Nf6+ 59. Kg6 b4 60. a7 1-0

[Event "*** Titled Tuesday Blitz"]
[Site "Chess.com"]
[Date "2020.05.26"]
[Round "9"]
[White "chessdjw"]
[Black "Munkhzul_Turmunkh"]
[Result "1-0"]
[WhiteElo "2718"]
[BlackElo "2577"]
[TimeControl "180+1"]
[EndTime "11:53:11 PDT"]
[Termination "chessdjw won by resignation"]

1. e4 c5 2. Nf3 d6 3. Bb5+ Nd7 4. a4 Nf6 5. Nc3 a6 6. Be2 e6 7. O-O Be7 8. d4 cxd4 9. Qxd4 O-O 10.
Rd1 Qc7 11. Be3 b6 12. Nd2 Bb7 13. Nc4 e5 14. Qd3 Nc5 15. Bxc5 dxc5 16. Nd5 Bxd5 17.
exd5 Bd6 18. Qb3 Nd7 19. g3 f5 20. Bf1 e4 21. f4 exf3 22. Qxf3 f4 23. Qg4 Rf6 24.
Re1 Rg6 25. Qh5 fxg3 26. h4 g2 27. Bxg2 Rf8 28. Kh1 Bg3 29. d6 Qd8 30. Re7 Nf6 31. Qd1 Bxh4 32. Qd3 Bf2 33. Bc6 Rh6+ 34. Kg2 Bd4 35. Rh1 Rg6+ 36. Kf1 Nd5+ 37. Ke2 Nxe7 38. Qe4 Nxc6 39. Qd5+ Kh8 40. Qxc6 Re8+ 41. Kd2 Qg5+ 42. Kd1 Qg4+ 43. Kd2 Qf4+ 44. Kd3 Qg3+ 45. Kd2 Qg2+ 46.
Qxg2 Rxg2+ 47. Kd3 g6 48. Nxb6 Rg3+ 49. Kc4 h5 50. d7 Rd8 51. Re1 Kg7 52. Re8 Rxd7 53. Nxd7 h4 54. c3 Bf2 55. Re7+ Kh6 56. Nf6 h3 57.
Rh7+ Kg5 58. Ne4+ Kg4 59. Nxf2+ Kf3 60. Nxh3 Rg4+ 61. Kxc5 1-0

[Event "*** Titled Tuesday Blitz"]
[Site "Chess.com"]
[Date "2020.05.26"]
[Round "9"]
[White "Shankovskyi"]
[Black "S_Kalvaitis"]
[Result "1-0"]
[WhiteElo "2521"]
[BlackElo "2316"]
[TimeControl "180+1"]
[EndTime "11:53:11 PDT"]
[Termination "Shankovskyi won by checkmate"]

1. e4 e5 2. Nf3 Nc6 3. Bc4 Nf6 4. Ng5 d5 5. exd5 Na5 6. Bb5+ c6 7. dxc6 bxc6 8.
Bd3 Nd5 9. Nf3 Bd6 10. O-O O-O 11. Re1 f5 12. Nxe5 f4 13. Qh5 Nf6 14. Qh4 Re8 15. Nf3 Bg4 16. Nc3 Bxf3 17. Rxe8+ Qxe8 18. gxf3 Qe1+ 19. Kg2 Re8 20. b4 Re5 21. Bb2 Qxd2 22. Rd1 Qxd1 23. Nxd1 Rh5 24. Bxf6 Rxh4 25. Bxh4 Bxb4 26. Bd8 Nb7 27.
Bc7 g5 28. Nb2 h6 29. Bc4+ Kg7 30. Nd3 Be7 31. Be5+ Kg6 32. Bd4 c5 33. Bc3 a5 34.
Bd5 Nd6 35. Bxa5 Nb5 36. c4 Nd4 37. Bc3 Ne2 38. Be5 Kf5 39. a4 Bd8 40. Be4+ Ke6 41.
Bg7 h5 42. Nxc5+ Kf7 43. Be5 g4 44. Bd5+ Kg6 45. Be4+ Kf7 46. Bd3 Nc1 47. Bc2 Ne2 48. Ne4 g3 49. hxg3 fxg3 50. fxg3 h4 51. g4 Bg5 52.
Nxg5+ Ke7 53. Ne4 Nf4+ 54. Bxf4 h3+ 55. Kg3 Kd7 56. Kh2 Ke7 57. Kxh3 Ke6 58. Kg3 Kd7 59. Bd3 Kc6 60. Be2 Kb7 61. Bf1 Ka6 62. Bg2 Kb7 63.
g5 Kc6 64. g6 Kb7 65. g7 Kc6 66. g8=Q Kb7 67. Qg6 Kc8 68. Qg5 Kd7 69. Qe5 Kd8 70. Qg7 Ke8 71. Nf6+ Kd8 72. Qd7# 1-0

[Event "*** Titled Tuesday Blitz"]
[Site "Chess.com"]
[Date "2020.05.26"]
[Round "9"]
[White "tylityli"]
[Black "GMKrikor"]
[Result "0-1"]
[WhiteElo "2297"]
[BlackElo "2686"]
[TimeControl "180+1"]
[EndTime "11:53:12 PDT"]
[Termination "GMKrikor won on time"]

1. d4 Nf6 2. c4 g6 3. Nc3 d5 4.
cxd5 Nxd5 5. Bd2 Bg7 6. e4 Nb6 7. Be3 O-O 8. Bb5 c6 9. Be2 Be6 10. b3 c5 11. Nf3 Nc6 12. Nb5 Bg4 13. d5 Bxf3 14. Bxf3 Ne5 15. Rc1 Nxf3+ 16. Qxf3 Nxd5 17. exd5 Qa5+ 18. Bd2 Qxb5 19. Qe2 Qxe2+ 20. Kxe2 b6 21.
Rhd1 Rad8 22. Be3 Rd7 23. Rd3 Rfd8 24. Rcd1 Be5 25. f4 Bb8 26. a4 a5 27. g3 f5 28.
h3 Kf7 29. g4 Bd6 30. Kf3 Re8 31. Bf2 Rf8 32. g5 Rh8 33. h4 h6 34. Bg3 hxg5 35.
hxg5 Bc7 36. Kg2 Rhd8 37. Kf3 e6 38. dxe6+ Kxe6 39. Re3+ Kf7 40. Rde1 Rd3 41. Bf2 Rxe3+ 42. Rxe3 Rd4 43. Bg3 Rb4 44. Rd3 Ke6 45. Re3+ Kd7 46. Rd3+ Bd6 47. Re3 c4 48. bxc4 Rxc4 49. Rd3 Rxa4 50.
Bf2 Kc6 51. Bd4 Bc5 52. Be5 Ra3 53. Ke2 Rxd3 54. Kxd3 Kd5 55. Kc3 a4 56. Kd3 b5 57.
Kc3 b4+ 58. Kd3 Bd6 0-1

[Event "*** Titled Tuesday Blitz"]
[Site "Chess.com"]
[Date "2020.05.26"]
[Round "9"]
[White "ChristopherYoo"]
[Black "Raja3401"]
[Result "0-1"]
[WhiteElo "2868"]
[BlackElo "2728"]
[TimeControl "180+1"]
[EndTime "11:53:13 PDT"]
[Termination "Raja3401 won on time"]

1. e4 c5 2. Nf3 d6 3. d4 cxd4 4. Nxd4 Nf6 5. Nc3 a6 6. Bg5 e6 7.
Qf3 Be7 8. O-O-O Qc7 9. Qg3 Nc6 10. Bxf6 gxf6 11. Qg7 Rf8 12. Qxh7 Bd7 13. Qh6 O-O-O 14. Qe3 Kb8 15. h4 Rc8 16. Kb1 b5 17. a3 Ne5 18.
h5 Rh8 19. Be2 Rcg8 20. g3 Ka8 21. h6 Rb8 22. Na2 Nc4 23. Qc3 f5 24. exf5 Bf6 25. fxe6 fxe6 26. Nb4 Qb6 27. Bf3+ d5 28. Bxd5+ exd5 29.
Nxd5 Qd6 30. Qf3 Bxd4 31. Rxd4 Bc6 32. Rhd1 Ka7 33. b3 Nxa3+ 34. Kb2 Qc5 35. R1d2 Nc4+ 36.
bxc4 bxc4+ 37. Kc1 Qa5 38. Kd1 Rhe8 39. Re4 Qa1+ 40.
Ke2 Rxe4+ 41. Qxe4 Re8 42. Qxe8 Bxe8 43. Ne3 Qf6 44.
h7 Qg7 45. Rd8 Qxh7 46. g4 Qf7 47. g5 Bb5 48. f4 c3+ 49. Kf3 Bc6+ 50. Kg4 Bd7+ 51. f5 Qe7 52. Rxd7+ Qxd7 53. g6 Qd4+ 54. Kf3 Qf6 55. Ke4 a5 56. Nd5 Qh4+ 57. Ke5 Qg3+ 58. Ke6 a4 59. Ne7 a3 60. f6 a2 61. f7 a1=Q 62.
f8=Q Qae1+ 63. Kd7 Qd2+ 64. Ke6 Qge3+ 0-1

[Event "*** Titled Tuesday Blitz"]
[Site "Chess.com"]
[Date "2020.05.26"]
[Round "9"]
[White "Saxar85"]
[Black "eljanov"]
[Result "0-1"]
[WhiteElo "2702"]
[BlackElo "2862"]
[TimeControl "180+1"]
[EndTime "11:53:16 PDT"]
[Termination "eljanov won on time"]

1. Nf3 d5 2. g3 Bg4 3. Bg2 c6 4. O-O e6 5. h3 Bh5 6. d4 Nf6 7. c4 Nbd7 8. cxd5 exd5 9. Qb3 Qb6 10. Qe3+ Be7 11. Nh4 Bg6 12. Nc3 Nf8 13. Rd1 Ne6 14. Nxg6 hxg6 15. Qd3 O-O 16. b3 Rfe8 17. Be3 a5 18. Rab1 Bd6 19. Rbc1 Re7 20. Na4 Qc7 21.
Nc5 Rae8 22. Bd2 Nxc5 23. dxc5 Be5 24. Rc2 Ne4 25. Be3 f5 26. Bd4 Bxd4 27. Qxd4 g5 28.
e3 Rf8 29. Re1 g6 30. Rce2 Qe5 31. a3 Ra8 32. Rb2 Kf7 33. Rbe2 Nc3 34. Rd2 Qxd4 35. Rxd4 Nb5 36. Ra4 Ree8 37. Bf1 Nc3 38. Rd4 Ne4 39. Rc1 Nf6 40. Bd3 Nd7 41. b4 axb4 42. Rxb4 Ra7 43. a4 Rea8 44. g4 Kf6 45. h4 gxh4 46. gxf5 g5 47. Kg2 Ne5 48. Be2 Rxa4 49. Rxb7 g4 50.
Rh7 Ra2 51. Re1 h3+ 52. Kg3 Rc2 53. Rh6+ Kg5 54. Rd6 Raa2 55. f4+ gxf3 56. Bxf3 Nxf3 57. Kxf3 Rf2+ 58. Kg3 h2 59. Rh1 Rxf5 0-1

[Event "*** Titled Tuesday Blitz"]
[Site "Chess.com"]
[Date "2020.05.26"]
[Round "9"]
[White "yamalchess"]
[Black "VALPARAISO37"]
[Result "0-1"]
[WhiteElo "2487"]
[BlackElo "2375"]
[TimeControl "180+1"]
[EndTime "11:53:17 PDT"]
[Termination "VALPARAISO37 won on time"]

1. d4 Nf6 2. c4 e6 3. Nc3 Bb4 4. Nf3 b6 5. Bg5 Bb7 6. e3 Bxc3+ 7. bxc3 d6 8. Bd3 h6 9. Bh4 Nbd7 10. O-O g5 11. Bg3 Ne4 12. Nd2 Ndf6 13. Qc2 Nxd2 14. Qxd2 h5 15. f3 Qe7 16. e4 h4 17. Bf2 Nh5 18. c5 dxc5 19. dxc5 O-O-O 20. cxb6 Nf4 21. Bd4 e5 22. bxa7 exd4 23. Ba6 Kd7 24. Bxb7 d3 25.
Rf2 Qc5 26. a8=Q Rxa8 27. Bxa8 Rxa8 28. Rd1 Ke7 29. Kf1 Ra3 30. Rc1 Ne2 31. Rxe2 dxe2+ 32. Kxe2 Qc4+ 33. Ke1 Rxa2 34. Qxg5+ Ke8 35. Qg8+ Ke7 36. Qg5+ Ke8 37. Qe3 Rxg2 38. Ra1 Ke7 39. Ra5 f6 40. Qc5+ Qxc5 41. Rxc5 Kd6 42. Rd5+ Ke6 43. Rc5 Kd7 44. Rd5+ Ke6 45. Rc5 Kd7 46. f4 Rxh2 47. Rf5 Ke6 48. Rc5 Kd7 49. Rd5+ Ke7 50. Rc5 Kd8 51. Rd5+ Ke8 52.
Rc5 h3 53. Rxc7 Rc2 54. Kf1 Rc1+ 55. Kf2 h2 56. Rh7 h1=Q 57. Rxh1 Rxh1 58. Ke3 Ke7 59.
Kd4 Rd1+ 60. Kc5 Ke6 61. c4 Rd3 0-1

[Event "*** Titled Tuesday Blitz"]
[Site "Chess.com"]
[Date "2020.05.26"]
[Round "9"]
[White "Zq1"]
[Black "Tenamu"]
[Result "1-0"]
[WhiteElo "2511"]
[BlackElo "2373"]
[TimeControl "180+1"]
[EndTime "11:53:18 PDT"]
[Termination "Zq1 won by resignation"]

1. d4 Nf6 2. c4 e6 3. Nc3 c5 4. d5 exd5 5. cxd5 d6 6. e4 g6 7.
f4 Bg7 8. Bb5+ Nfd7 9. a4 O-O 10. Nf3 Na6 11. O-O Nc7 12. Bd3 b6 13. Bd2 Ba6 14.
Be1 c4 15. Bc2 Nc5 16. Bh4 Qd7 17. f5 Nd3 18. Bxd3 cxd3 19. f6 Bh6 20. Bg5 Bxg5 21.
Nxg5 h6 22. Qd2 Rfe8 23. Rf3 Re5 24. Nh3 Kh7 25. Raf1 Rae8 26. Rf4 Rh5 27. R1f3 Ree5 28. g4 Rh4 29. Rg3 Ne8 30. Kg2 Bc8 31. Ng1 Qd8 32.
Nf3 g5 33. Nxh4 gxf4 34. Qxf4 Qxf6 35. Nf5 Bxf5 36. gxf5 Ng7 37. Rxd3 Nxf5 38. exf5 Rxf5 39. Qe4 Qg6+ 40. Rg3 Qh5 41. Rf3 Qg6+ 42. Kf2 Rxf3+ 43. Kxf3 f5 44. Qe7+ Kh8 45. Qd8+ Kg7 46. Qd7+ Kg8 47. Qe6+ Qxe6 48. dxe6 Kg7 49. Kf4 Kf6 50. Nd5+ Kxe6 51. Nc7+ Kf6 52. Nb5 d5 53. Nd4 a6 54. Nxf5 b5 55.
axb5 axb5 56. Nxh6 b4 57. Nf5 b3 58. Nd4 Ke7 59. Nxb3 Kd6 60. Nd4 Kc5 61. Ke3 Kc4 62. h4 Kc5 63. h5 Kd6 64. h6 Ke7 65. h7 Kf7 66. h8=Q Kg6 67. Qh4 Kg7 68. Qf4 Kg6 69.
Qf5+ Kg7 70. Ne6+ 1-0

[Event "*** Titled Tuesday Blitz"]
[Site "Chess.com"]
[Date "2020.05.26"]
[Round "9"]
[White "kingofthenil"]
[Black "Manukyan_Artak"]
[Result "0-1"]
[WhiteElo "2446"]
[BlackElo "2305"]
[TimeControl "180+1"]
[EndTime "11:53:20 PDT"]
[Termination "Manukyan_Artak won on time"]

1. d4 Nf6 2. c4 e6 3. Nc3 Bb4 4. a3 Bxc3+ 5. bxc3 c5 6. f3 d6 7.
e4 e5 8. Bd3 Nc6 9. Ne2 O-O 10.
O-O h6 11. Be3 b6 12. Qd2 g5 13. h4 Nh7 14. Kf2 f5 15. exf5 Bxf5 16. Bxf5 Rxf5 17. hxg5 Nxg5 18. Qd3 e4 19. Qc2 Nxf3 20. Qxe4 Nfxd4+ 21. Nf4 Qh4+ 22. g3 Qh2+ 23. Qg2 Qxg2+ 24. Kxg2 Nc2 25. Nd5 Re5 26. Bf4 Nxa1 27. Bxe5 Nxe5 28. Rxa1 Nxc4 29. Re1 Ne5 30. Nf6+ Kg7 31. Ne4 Rd8 32. Nxd6 Rxd6 33. Rxe5 Rd3 34. Re7+ Kg6 35. Rxa7 Rxc3 36.
a4 Kf5 37. Ra6 Rb3 38. a5 bxa5 39. Rxa5 Rc3 40. Kh3 Ke4 41. Kh4 c4 42. Ra6 Rc1 43. Kh5 Rh1+ 44. Kg4 c3 45. Rc6 Kd3 46. Rd6+ Kc4 47.
Rc6+ Kd4 48. Rd6+ Kc5 49. Rd8 Kc4 50. Rc8+ Kd3 51. Rd8+ Kc2 52. Kf5 Kc1 53. g4 c2 54.
Kg6 Rh4 55. Kf5 Rh2 56. Kg6 Rd2 57. Rc8 Rh2 58. Rf8 Rh4 0-1

[Event "*** Titled Tuesday Blitz"]
[Site "Chess.com"]
[Date "2020.05.26"]
[Round "9"]
[White "LostaBet95"]
[Black "Gandrade2"]
[Result "1-0"]
[WhiteElo "2513"]
[BlackElo "2012"]
[TimeControl "180+1"]
[EndTime "11:53:20 PDT"]
[Termination "LostaBet95 won by resignation"]

1. e4 c5 2. Nf3 g6 3. d4 cxd4 4. Qxd4 Nf6 5. e5 Nc6 6. Qa4 Nd5 7. Qe4 Nb6 8. Nc3 Bg7 9. Bf4 d5 10. exd6 Bf5 11. Qe3 O-O 12. O-O-O exd6 13. Nb5 Qf6 14. c3 d5 15. Nc7 Rac8 16. Bg5 Qd6 17. Nb5 Qb8 18.
Bf4 Qa8 19. Nc7 Rxc7 20. Bxc7 Re8 21. Qd2 d4 22. c4 Na4 23. Bd3 Bg4 24. Rde1 Bxf3 25.
gxf3 Nc5 26. Be4 Qc8 27. Bxc6 Rxe1+ 28. Rxe1 bxc6 29. Be5 Ne6 30. Bxg7 Kxg7 31. Kb1 Qa6 32. Qe2 c5 33. b3 Qd6 34. Qe5+ Qxe5 35. Rxe5 Kf6 36. Rd5 Ke7 37. b4 cxb4 38. Ra5 d3 39.
Kc1 Nd4 40. Kd2 Nc6 41. Ra6 Kd7 42. Kxd3 Ne5+ 43. Ke4 Nxc4 44. Rxa7+ Ke6 45. Ra6+ Nd6+ 46. Kd4 Kd7 47. Ra4 Nf5+ 48. Ke5 Ne7 49. Ra7+ Kd8 50.
Kf6 Nd5+ 51. Kxf7 Kc8 52. Ra8+ Kb7 53. Rh8 h5 54. Rh7 Kc6 55. Kxg6 Nf4+ 56. Kg5 Nd3 57.
Rh6+ Kc5 58. Rxh5 Kc4 59. Kg4 Kc3 60. Ra5 Nxf2+ 61. Kg5 Nh1 62. f4 Nf2 63. f5 Ne4+ 64. Kg6 Nd6 65. f6 Ne8 66. f7 1-0

[Event "*** Titled Tuesday Blitz"]
[Site "Chess.com"]
[Date "2020.05.26"]
[Round "9"]
[White "penguingm1"]
[Black "rasmussvane"]
[Result "1-0"]
[WhiteElo "2892"]
[BlackElo "2855"]
[TimeControl "180+1"]
[EndTime "11:53:22 PDT"]
[Termination "penguingm1 won by resignation"]

1. d4 d5 2. Bf4 e6 3. e3 Nf6 4. Nf3 Bd6 5. Nbd2 O-O 6. Bd3 c5 7. c3 b6 8. Qe2 Bxf4 9. exf4 a5 10. O-O Ba6 11. Rfe1 Qd6 12. Ne5 cxd4 13. cxd4 Bxd3 14. Qxd3 Nc6 15. Rac1 Rfc8 16. a3 Ne7 17. f3 Rc7 18. Nb1 Rac8 19. Nc3 Qd8 20. g4 Ne8 21. Qa6 Ng6 22.
Nxg6 hxg6 23. Qxb6 Nd6 24. Re2 Nc4 25. Qb3 Qf6 26.
Nb5 Qxf4 27. Rc3 Nd2 28. Rxc7 Rxc7 29. Qe3 Nxf3+ 30. Kf2 Qxe3+ 31. Rxe3 Rb7 32. Nd6 Rb6 33. Nc8 Rb8 34. Ne7+ Kf8 35. Nxg6+ fxg6 36. Rxf3+ Ke7 37. b3 Rc8 38. Rd3 Rc2+ 39. Kg3 Ra2 40. a4 g5 41. h4 gxh4+ 42. Kxh4 Re2 43. Kg5 Re4 44. Kh5 Kf7 45. Rf3+ Ke7 46. Rd3 Kf6 47. g5+ Ke7 48. Kg6 Kf8 49. Rf3+ Ke7 50. Rf7+ Kd6 51. Kxg7 Rxd4 52.
g6 Rg4 53. Ra7 d4 54. Rxa5 d3 55. Ra8 Kd7 56. Ra7+ Kd6 57. Rf7 Rg1 58. Rf2 Kd5 59. Kf7 e5 60. g7 e4 61. Kf6 Rxg7 62. Kxg7 e3 63. Rf5+ Ke4 64. Kf6 d2 65. Re5+ Kd4 66.
Re8 Kc3 67. Rxe3+ Kc2 68. Re2 Kd3 69. Rxd2+ Kxd2 70. a5 1-0

[Event "*** Titled Tuesday Blitz"]
[Site "Chess.com"]
[Date "2020.05.26"]
[Round "9"]
[White "KuzubovYuriy"]
[Black "Shubinkirill2003"]
[Result "0-1"]
[WhiteElo "2760"]
[BlackElo "2646"]
[TimeControl "180+1"]
[EndTime "11:53:22 PDT"]
[Termination "Shubinkirill2003 won on time"]

1. d4 e6 2. c4 Nf6 3. Nc3 Bb4 4. e3 O-O 5. Ne2 d5 6. a3 Be7 7. Ng3 c5 8. dxc5 Bxc5 9. b4 Bb6 10. Bb2 Nc6 11.
cxd5 exd5 12. Nce2 Re8 13. Nd4 a5 14. b5 Ne5 15. Be2 Bd7 16. O-O Rc8 17. Rc1 Nc4 18.
Bxc4 dxc4 19. Qa4 Ng4 20. Rxc4 Ne5 21. Rxc8 Bxc8 22. Rd1 Bg4 23. Rd2 Qc8 24. h3 Bd7 25. Rc2 Qd8 26. Qb3 Qg5 27. Qd5 Qg6 28. Rd2 Bc8 29.
Ndf5 Bxf5 30. Bxe5 Bc8 31. Bd4 Bc7 32. Nf1 h5 33. f3 h4 34. Qc4 Bb8 35. b6 Bxh3 36. Qb5 Rd8 37. Qxa5 Be6 38. Bc3 Rxd2 39. Bxd2 h3 40.
g4 Qd3 41. Qh5 Bc4 42. Qxh3 Qe2 43. Qg2 Qd1 44. Bc3 Be2 45. f4 Bf3 46. Qf2 Bd6 47. Bd4 Bxa3 48. g5 Be2 49. Kg2 Bd3 50. Ng3 Bb4 51. Qf3 Qc2+ 52. Kh3 Bf5+ 53. Nxf5 Qxf5+ 54. Qg4 Qc2 55. Qf3 Qf5+ 56. Kg2 Qc2+ 57. Qf2 Qe4+ 58.
Kg3 Bd6 59. Qf3 Qe7 60. Qd5 g6 61. Kf3 Ba3 62. Qe5 Qd7 0-1

[Event "*** Titled Tuesday Blitz"]
[Site "Chess.com"]
[Date "2020.05.26"]
[Round "9"]
[White "WeAintSurePal"]
[Black "davidkalashian"]
[Result "0-1"]
[WhiteElo "2353"]
[BlackElo "2611"]
[TimeControl "180+1"]
[EndTime "11:53:22 PDT"]
[Termination "davidkalashian won by resignation"]

1. d4 Nf6 2. Nf3 e6 3. Bf4 b6 4. e3 Bb7 5. c3 Be7 6. Nbd2 O-O 7.
Bd3 c5 8. O-O cxd4 9. exd4 d6 10.
Qe2 a6 11. Rfe1 Re8 12. h3 Nbd7 13. Ne4 Nf8 14. Nxf6+ Bxf6 15. Be4 Bxe4 16. Qxe4 Ng6 17. Bg3 d5 18. Qe2 Qd7 19. a3 b5 20. Qd3 Qb7 21. Ne5 Bxe5 22. Bxe5 Nxe5 23. Rxe5 a5 24. Rae1 b4 25.
axb4 axb4 26. R1e3 bxc3 27. bxc3 Rec8 28. Rg3 g6 29. h4 Ra1+ 30. Kh2 Qb1 31. Qxb1 Rxb1 32.
h5 Rb2 33. Rf3 Rc2 34. hxg6 hxg6 35. Ree3 Ra8 36. Kg3 Kg7 37. Re1 Ra3 38. Ree3 Rb3 39. Rd3 f5 40. Rfe3 Kf6 41. Rf3 g5 42. Kh2 g4 43.
Rfe3 Rxf2 44. Re1 Rbb2 45. Rde3 Rxg2+ 46. Kh1 Rh2+ 47. Kg1 Rbg2+ 48. Kf1 Rc2 49. Rxe6+ Kg5 50. Kg1 Rhg2+ 51. Kf1 Rgd2 52. Re8 Kh4 53. Kg1 Rxc3 54. R8e5 Rg3+ 55. Kh1 Rh3+ 56. Kg1 Rg3+ 57. Kh1 Rf3 58. Rxd5 Kh3 59. Rd8 Rff2 60. Re3+ Rf3 61. Re1 Kg3 62.
d5 Rff2 63. Re3+ Kf4 64. Re1 Kf3 65. Rh8 g3 66. d6 Rxd6 67. Rh5 f4 68. Kg1 Rdd2 69.
Kh1 Rh2+ 70. Rxh2 Rxh2+ 71. Kg1 Ra2 72. Rd1 Kg4 73. Rc1 f3 74. Rc4+ Kh3 75. Rc1 Re2 76. Rd1 f2+ 77. Kf1 Re1+ 78. Rxe1 fxe1=Q+ 79. Kxe1 g2 0-1